 Dungeon Crawl Stone Soup version 0.21-a0-509-gecc5317 (webtiles) character file.

42 Dawnplanks the Chopper (level 3, -24/33 HPs)
             Began as a Hill Orc Chaos Knight on Nov 29, 2017.
             Annihilated by a shadow (29 damage)
             ... summoned by the capriciousness of Xom
             ... on level 2 of the Dungeon.
             The game lasted 00:04:09 (882 turns).

Dawnplanks the Chopper (Hill Orc Chaos Knight)       Turns: 882, Time: 00:04:12

Health: -24/33     AC:  6    Str: 15    XL:     3   Next: 56%
Magic:  3/3        EV: 11    Int: 12    God:    Xom [.*....]
Gold:   53         SH:  0    Dex: 10    Spells: 2/2 levels left

rFire    . . .     SeeInvis .   a - +0 hand axe (chaos)
rCold    . . .     Gourm    .   (no shield)
rNeg     . . .     Faith    .   b - +2 leather armour
rPois    .         Spirit   .   (no helmet)
rElec    .         Reflect  .   (no cloak)
rCorr    .         Harm     .   (no gloves)
MR       .....                  l - +0 pair of boots
Stlth    +.........             (no amulet)
HPRegen  0.11/turn              (no ring)
MPRegen  0.08/turn              (no ring)

@: no status effects
A: no striking features
a: Renounce Religion


You were on level 2 of the Dungeon.
You worshipped Xom.
You were a plaything of Xom.
You were not hungry.

You visited 1 branch of the dungeon, and saw 2 of its levels.

You collected 53 gold pieces.

Inventory:

Hand Weapons
 a - a +0 hand axe of chaos (weapon)
Armour
 b - a +2 leather armour (worn)
 l - a +0 pair of boots (worn)
Scrolls
 d - a scroll of identify {unknown}
 e - a scroll of magic mapping {unknown}
 g - a scroll of random uselessness {unknown}
 h - a scroll of enchant armour {unknown}
 i - a scroll of teleportation {unknown}
 j - a scroll of blinking {unknown}
Potions
 f - 2 potions of lignification {unknown}
Comestibles
 c - 2 bread rations
 k - 3 fruits
 m - a meat ration


   Skills:
 * Level 4.2 Fighting
 * Level 5.2 Axes
 * Level 2.4 Armour
 + Level 0.8 Dodging


You had 2 spell levels left.
You didn't know any spells.

Dungeon Overview and Level Annotations

Branches:
Dungeon (2/15)

Altars:


Message History

The shadow strikes at you from the darkness!
* * * LOW HITPOINT WARNING * * *
Reactivating autopickup.
You barely miss the shadow. "This might be better!"
The dart slug evaporates and reforms as a hound!
The shadow slips into darkness.
The shadow flickers and vanishes!
Deactivating autopickup; reactivate with Ctrl-A.
The goblin hits you but does no damage.
Found a stone staircase leading up.
There is an open door here.
You hit the goblin.
You kill the goblin!
You barely miss the hound. You closely miss something.
The hound barely misses you.
The shadow strikes at you from the darkness!
Ouch! That really hurt!
You die...
Xom howls with laughter!

##....# +.....+
#.....### #
#..<....# #.
#.#.###.# ..
#)#.# .# #.#.#.#
<#+####
#..†..###.......
#.#†....@†......
# #######h......
....... .......
....... .######
.# ..


You could see a hound.

Vanquished Creatures
  An ooze (D:2)
  A leopard gecko (D:1)
  4 bats (D:1)
  A giant cockroach (D:2)
  9 goblins
  2 hobgoblins (D:1)
  2 jackals (D:1)
  3 kobolds
  2 frilled lizards
  A rat (D:1)
  A plant (D:1)
27 creatures vanquished.

Vanquished Creatures (collateral kills)
  A goblin (D:1)
  A kobold (D:1)
2 creatures vanquished.

Vanquished Creatures (others)
  An adder (D:2)
1 creature vanquished.

Grand Total: 30 creatures vanquished

Notes
Turn   | Place    | Note
-------+----------+-------------------------------------------
     0 | D:1      | Dawnplanks the Hill Orc Chaos Knight began the quest for the Orb.
     0 | D:1      | Reached XP level 1. HP: 19/19 MP: 1/1
    97 | D:1      | Reached XP level 2. HP: 27/27 MP: 2/2
   219 | D:1      | XOM is BORED!
   219 | D:1      | XOM: medium Summ miscast
   220 | D:1      | Noticed a spatial vortex
   220 | D:1      | Noticed a spatial vortex
   220 | D:1      | Noticed a spatial vortex
   709 | D:1      | XOM: harmless Tloc miscast
   711 | D:1      | Reached XP level 3. HP: 33/33 MP: 3/3
   731 | D:1      | Reached skill level 5 in Axes
   767 | D:2      | XOM: noise
   873 | D:2      | XOM: medium Necr miscast
   874 | D:2      | Noticed a shadow
   874 | D:2      | Noticed a shadow
   880 | D:2      | XOM: polymorph dart slug -> hound
   882 | D:2      | Annihilated by a shadow

Vault maps used:
D:1:      sevenhm_arrival_forest_fort_small_4, palyth_stone_intersect,
          columned_hall_lemuel, hangedman_decor_growths, minmay_misc_feat_doors
D:2:      first_bread, grunt_dithmenos_smoke

Skill      XL: |  1  2  3 |
---------------+----------+-----
Fighting       | 4 |  4.2
Axes           | 5 |  5.2
Armour         | |  2.4
Dodging        | |  0.8

Action                   || total
-------------------------++-------
Melee: Hand axe          ||   114
Armor: Leather armour    ||    37
Dodge: Dodged            ||    50

Table legend:
 A = Spawn XP
 B = Non-spawn XP
 C = Spawn XP percentage of total XP
 D = Spawn monster count
 E = Non-spawn monster count
 F = Spawn count percentage of total count
 G = Total turns spent on level
                    A         B        C        D         E        F      G
               +---------+---------+-------+---------+---------+-------+---------
         Total |       0 |      61 |   0.0 |       0 |      29 |   0.0 |   882
               +---------+---------+-------+---------+---------+-------+---------
           D:1 |       0 |      39 |   0.0 |       0 |      22 |   0.0 |   767
           D:2 |       0 |      22 |   0.0 |       0 |       7 |   0.0 |   115
               +---------+---------+-------+---------+---------+-------+---------
